← All builds
Geo sea / Cortex / Economy first / OBSERVED BUILD

Standard geo sea

The role's default economy-first play: bot lab then shipyard in the cove, quick frigate/submarine/destroyer navy to contest sea and hold the coast, transitioning into whatever the sea fight needs.

Usually shipyard in the cove (98%)

#naval #eco · 963 distinct matches · 100 players · 83% of Cortex Geo sea games · team won 52% of 1080 · Recently observed

HOW TO PLAY IT

Key timing: Shipyard by 3:18

  1. Open 3 mex, wind and solar, then Bot Lab.
  2. Get a BP and costal torpedo launcher up before the Shipyard.
  3. Put up Shipyard once you can defend it.
  4. Push out "submarine" and "frigate" to contest the sea.
  5. Add geothermal to fund the fleet transition into "destroyer", "missile corvette".

Phase by phase

TYPICAL OF ITS 963 GAMES
  1. 1
  2. 2
  3. 3
  4. 4
PLAY THE OPENING

Follow the example game's first 6:00 step by step: what to build now, what comes next, and where it goes. At 1× it keeps pace with your own game.

  1. 1

    Up to the Bot Lab

    Economy
    • Metal Extractor3Mex
    • Wind Turbine3Wind
    Order
    1. Bot LabBot Lab after 3 mex, 3 winddone ~1:12, middle half 1:06–1:25

    Some games also: wind for allies (49%)

    By 0:55 in all: 3 mex · 3 wind

    The example game in this phase · 3 steps
    1. Mex ×3
    2. Wind ×3
    3. Bot LabBot Labdone 1:22 · typical 1:12
  2. 2

    Bot Lab to Shipyard

    Economy
    • Metal Extractor1Mex
    • Wind Turbine2Wind
    Order
    1. ShipyardShipyard after 4 mex, 5 wind, 1 energy storagedone ~3:17, middle half 3:02–3:33
    Builders
    • Construction Bot3 Con bot
    • Graverobber2 Graverobber
    Army
    • Grunt1 Grunt

    Some games also: con turret (46%) · trasher (39%) · energy storage (34%) · wind for allies (32%)

    By 2:51 in all: 4 mex · 5 wind · 1 energy storage

    The example game in this phase · 12 steps
    1. Windfor Air
    2. GraverobberGraverobber
    3. Construction BotCon bot
    4. Windfor Air
    5. TrasherTrasher
    6. GraverobberGraverobber
    7. Construction BotCon bot
    8. GraverobberGraverobber
    9. JellyfishJellyfish
    10. Construction BotCon bot
    11. Mex
    12. ShipyardShipyarddone 3:15 · typical 3:17
  3. 3

    Shipyard to 5:00

    Economy
    • Metal Extractor4Mex
    Builders
    • Construction Ship1 Con ship
    Army
    • Riptide2 Frigate
    • Orca1 Submarine
    Other
    • Radar Tower1 Radar Tower

    Some games also: Guard (49%) · wind (49%) · missile corvette (48%) · destroyer (46%) · gunboat (41%)

    By 5:00 in all: 8 mex · 6 wind · 1 energy storage · 1 con turret

    The example game in this phase · 15 steps
    1. GruntGrunt ×2
    2. HerringMissile corvette ×2
    3. Mex
    4. Construction ShipCon ship
    5. Mex
    6. OrcaSubmarinedone 4:13 · typical 4:19
    7. Mex ×3
    8. SupporterGunboat ×3
    9. Mex
    10. Radar TowerRadar Tower ×2
    11. SupporterGunboat
    12. Con turret
    13. RiptideFrigatedone 5:21 · typical 4:36
    14. ThistleThistle
    15. Dragon's TeethDragon's Teeth
  4. 4

    5:00 to 10:00

    Economy
    • Metal Extractor2Mex
    • Wind Turbine8Wind
    • Energy Converter1Converter
    Builders
    • Construction Turret1 Con turret
    • Death Cavalry2 Death Cavalry
    • Construction Ship1 Con ship
    Army
    • Guard2 Guard
    • Riptide5 Frigate
    • Oppressor2 Destroyer
    Other
    • Naval Radar / Sonar Tower2 Naval Radar / Sonar Tower

    Some games also: geo (48%) · Thistle (41%) · submarine (34%)

    By 10:00 in all: 10 mex · 15 wind · 1 geo · 4 converter · 1 energy storage · 2 con turret

    The example game in this phase · 119 steps
    1. Dragon's TeethDragon's Teeth ×4
    2. ThistleThistle
    3. RiptideFrigate
    4. Dragon's TeethDragon's Teeth ×2
    5. Wind
    6. Dragon's TeethDragon's Teeth ×2
    7. Wind
    8. Dragon's TeethDragon's Teeth ×2
    9. GuardGuard
    10. Wind
    11. Dragon's TeethDragon's Teeth
    12. Wind
    13. Mex
    14. Dragon's TeethDragon's Teeth ×2
    15. Energy storage
    16. OppressorDestroyerdone 6:43 · typical 5:52
    17. Energy storage
    18. Dragon's TeethDragon's Teeth ×2
    19. Naval Radar / Sonar TowerNaval Radar / Sonar Tower
    20. Dragon's TeethDragon's Teeth ×2
    21. Geothermal PowerplantGeodone 8:25 · typical 7:59
    22. Dragon's TeethDragon's Teeth
    23. GuardGuard
    24. Dragon's TeethDragon's Teeth ×2
    25. Wind
    26. Dragon's TeethDragon's Teeth ×3
    27. UrchinUrchin
    28. Dragon's TeethDragon's Teeth
    29. Death CavalryDeath Cavalry
    30. Dragon's TeethDragon's Teeth
    31. Wind
    32. Dragon's TeethDragon's Teeth ×2
    33. HerringMissile corvette
    34. Dragon's TeethDragon's Teeth
    35. GuardGuard
    36. Dragon's TeethDragon's Teeth
    37. RiptideFrigate
    38. Dragon's TeethDragon's Teeth
    39. Wind
    40. Dragon's TeethDragon's Teeth ×3
    41. RiptideFrigate
    42. Dragon's TeethDragon's Teeth
    43. Wind
    44. Dragon's TeethDragon's Teeth ×4
    45. Naval Radar / Sonar TowerNaval Radar / Sonar Tower
    46. Construction ShipCon ship
    47. Dragon's TeethDragon's Teeth
    48. Wind
    49. Dragon's TeethDragon's Teeth
    50. Wind
    51. Construction ShipCon ship
    52. Wind ×2
    53. Advanced Metal ExtractorT2 mexdone 9:48 · typical 9:22
    54. Wind
    55. OppressorDestroyer
    56. Converter
    57. Wind
    58. Naval Construction Turret
    59. Naval Radar / Sonar TowerNaval Radar / Sonar Tower
    60. Death CavalryDeath Cavalry
    61. Mex
    62. UrchinUrchin
    63. HerringMissile corvette
    64. Advanced Metal ExtractorT2 mex
    65. Mex
    66. GuardGuard
    67. HerringMissile corvette
    68. RiptideFrigate
    69. Mex
    70. GuardGuard
    71. Naval Construction Turret
    72. RiptideFrigate
    73. Converter
    74. Con turret
    75. Naval Construction Turret
    76. Converter
    77. RiptideFrigate
    78. Mex
    79. Converter
    80. Naval Construction Turret
    81. GuardGuard
    82. Converter
    83. Advanced Metal ExtractorT2 mex
    84. OppressorDestroyer
    85. Converter
    86. Naval Construction Turret
    87. Converter ×2
    88. Naval Construction Turret
    89. Converter
    90. GuardGuard
    91. Death CavalryDeath Cavalry
    92. Converter
    93. HerringMissile corvette ×2
    94. Converter
    95. RiptideFrigate
    96. Advanced ShipyardAdvanced Shipyarddone 13:01
    97. Converter
    98. RiptideFrigate
    99. Converter
    100. GuardGuard
    101. Converter ×3
    102. ThistleThistle ×2
    103. Advanced Metal ExtractorT2 mex
    104. ThistleThistle
    105. GuardGuard
    106. ThistleThistle
    107. Advanced Construction SubAdvanced Construction Sub
    108. SlingshotSlingshot
    109. ThistleThistle
    110. SlingshotSlingshot
    111. ThistleThistle
    112. SlingshotSlingshot
    113. Metal storage
    114. GuardGuard
    115. Naval Construction Turret ×2
    116. Naval Radar / Sonar TowerNaval Radar / Sonar Tower
    117. Advanced ShipyardAdvanced Shipyardnot finished by 15:00
    118. ThistleThistle
    119. Naval Construction Turret

Counts are medians over the build's games: half of them build more, half fewer. The example game is Godmother13's (38 OS, 29/09/2026); pick another.

Team trades

IN AT LEAST 30% OF ITS GAMES

You hand over

  • Wind Turbine2 Wind to Airfirst at 1:48 · in 72% of games

You get

  • Finch1 Finch from Airfirst at 1:51 · in 83% of games
  • Hercules1 Light transport from Airfirst at 2:00 · in 75% of games
  • Advanced Construction Bot1 T2 con bot from Techfirst at 7:44 · in 89% of games

How it plays out

Typical game of this build, running totals by minute

Metal produced

010k20k30k
0:005:0010:0015:00

metal

Enemy metal destroyed

05k10k
0:005:0010:0015:00

metal

Own metal lost

02.5k5k7.5k
0:005:0010:0015:00

metal

1080 games.

Show as table
ByMetal produced: This buildEnemy metal destroyed: This buildOwn metal lost: This build
1:0039700
2:0092800
3:00156700
4:002903051
5:00410813152
6:005464441242
7:006946931551
8:0086181570905
9:001049724631363
10:001261536342072
11:001522148872938
12:001812964053801
13:002147974014458
14:002507986465388
15:002882297766321
WHAT THE NUMBERS SAY

Standard Cortex geo sea sits at an even 50% win rate, trading a slower start for a big resource lead by 15:00.

  • + Metal produced hits 28451 by 15:00, well above both front roles
  • + Own metal lost stays far below enemy metal destroyed at every checkpoint
  • − Only 50% team win rate, the lowest of these six builds
  • − T2 factory only completes in 40% of games by 12:53
THE EXAMPLE YOU ARE READING

Godmother13

37.8 OS · 29/09/2026

Open source match ↗

3 received units · includes a constructor
3327 metal received · 30721 energy received

Allied construction assistance is unknown. Timings are observations, not a promise of solo reproducibility.

Typical milestones

Bot Lab1:12Middle 50%: 1:06–1:25 · n=1069
Shipyard3:17Middle 50%: 3:02–3:33 · n=1074
Orca4:19Middle 50%: 3:54–5:00 · n=747
Riptide4:36Middle 50%: 4:08–5:21 · n=1048
Oppressor5:52Middle 50%: 5:09–6:34 · n=977
Geothermal Powerplant7:59Middle 50%: 7:01–8:59 · n=648
Advanced Metal Extractor9:22Middle 50%: 8:46–10:10 · n=926

Played most by

sirniho121games of this buildSHOGVN86games of this buildOptimusprimenutt84games of this buildPRO_Rerory47games of this buildhihimik41games of this build